 Dungeon Crawl Stone Soup version 0.28-a0-447-g1f95980246 (webtiles) character file.

Game seed: 4848040987239179604

218638 spiderkeys the Spry (level 19, -13/153 HPs)
             Began as a Barachi Summoner on Sept 1, 2021.
             Was the Champion of Fedhas.
             Killed from afar by a fire giant (43 damage)
             ... with a fireball
             ... on level 1 of the Depths on Sept 13, 2021.
             The game lasted 02:44:47 (42181 turns).

spiderkeys the Spry (Barachi Summoner)             Turns: 42181, Time: 02:44:48

Health: -13/153    AC: 15    Str: 17    XL:     19   Next: 12%
Magic:  23/31      EV: 22    Int: 21    God:    Fedhas [******]
Gold:   301        SH:  0    Dex: 19    Spells: 7/34 levels left

rFire   . . .      SeeInvis +   e - +7 lajatang "Bicumm" {speed, rElec rPois Dex+5}
rCold   + . .      Faith    .   (shield currently unavailable)
rNeg    . . .      Spirit   .   n - +0 troll leather armour
rPois   +          Reflect  .   O - +2 helmet {SInv}
rElec   +          Harm     .   P - +1 cloak of Soft Rains {Drain +Inv rElec Regen+}
rCorr   .          Rampage  .   u - +2 pair of gloves
Will    +....      Clarity  +   t - +2 pair of boots
Stlth   ++++......              A - amulet of the acrobat
HPRegen 2.35/turn               Z - ring of wizardry
MPRegen 0.22/turn               S - +6 ring of strength

@: unable to hop, studying Polearms, slow
A: amphibious, slowness 1, strong legs 2, +LOS, clarity, cold resistance 1
}: 1/15 runes: serpentine
a: Hop, Renounce Religion, Evoke Invisibility, Wall of Briars, Grow
Ballistomycete, Overgrow, Grow Oklob


You were on level 1 of the Depths.
You worshipped Fedhas.
Fedhas was exalted by your worship.
You visited 5 branches of the dungeon, and saw 28 of its levels.

You collected 2895 gold pieces.
You spent 2594 gold pieces at shops.


Innate Abilities, Weirdness & Mutations

You are amphibious.
You cover ground slowly.
You can hop long distances.
You have an extended range of vision and can be seen from far away.
You possess an exceptional clarity of mind.
Your flesh is cold resistant. (rC+)


   Skills:
 - Level 14.5 Fighting
 + Level 11.6 Staves
 + Level 16.1 Dodging
 - Level 7.0 Stealth
 - Level 4.0 Shields
 - Level 8.0 Spellcasting
 + Level 12.2 Hexes
 + Level 16.0 Summonings
 - Level 4.5 Air Magic
 + Level 13.4 Invocations


You had 7 spell levels left.
You knew the following spells:

 Your Spells              Type           Power      Damage    Failure   Level
c - Call Imp              Summ           66%        N/A       0%          2
d - Tukima's Dance        Hex            56%        N/A       1%          3
f - Call Canine Familiar  Summ           66%        N/A       1%          3
g - Summon Guardian Gole  Hex/Summ       61%        N/A       1%          3
l - Summon Lightning Spi  Summ/Air       51%        N/A       1%          4
v - Summon Mana Viper     Hex/Summ       61%        N/A       1%          5
z - Summon Small Mammal   Summ           100%       N/A       0%          1
X - Summon Cactus Giant   Summ           33%        N/A       1%          6

Your spell library contained the following spells:

 Spells                   Type           Power      Damage    Failure   Level
 Corona                   Hex            56%        N/A       1%          1
 Ensorcelled Hibernation  Hex/Ice        68%        N/A       1%          2
 Corpse Rot               Necr/Air       N/A        N/A       2%          2
 Poisonous Vapours        Pois/Air       36%        N/A       2%          2
 Freeze                   Ice            32%        1d5       4%          1
 Sandblast                Erth           16%        2d6       4%          1
 Sting                    Tmut/Pois      32%        1d4       4%          1
 Summon Forest            Summ/Tloc      21%        N/A       4%          5
 Summon Hydra             Summ           33%        N/A       4%          7
 Mephitic Cloud           Conj/Pois/Air  14%        N/A       6%          3
 Metabolic Englaciation   Hex/Ice        17%        N/A       9%          5
 Yara's Violent Unravell  Hex/Tmut       17%        3d8       9%          5
 Conjure Flame            Conj/Fire      8%         6-21      12%         3
 Frozen Ramparts          Ice            16%        1d3       12%         3
 Ignite Poison            Fire/Tmut/Pois 8%         N/A       12%         3
 Ozocubu's Armour         Ice            8%         N/A       12%         3
 Spider Form              Tmut/Pois      4%         N/A       12%         3
 Stone Arrow              Conj/Erth      16%        3d8       12%         3
 Hailstorm                Conj/Ice       8%         3d4       34%         4
 Olgreb's Toxic Radiance  Pois           8%         N/A       34%         4
 Passage of Golubria      Tloc           N/A        N/A       34%         4
 Sticky Flame             Conj/Fire      8%         2d3       34%         4
 Bolt of Magma            Conj/Fire/Erth 4%         4d5       69%         5
 Borgnjor's Vile Clutch   Necr/Erth      4%         N/A       69%         5
 Irradiate                Conj/Tmut      4%         3d14      69%         5
 Conjure Ball Lightning   Conj/Air       9%         3x3d6     90%         6
 Eringya's Noxious Bog    Tmut/Pois      4%         N/A       99%         6
 Simulacrum               Ice/Necr       4%         N/A       99%         6
 Discord                  Hex            28%        N/A       83%         8
 Disjunction              Tloc           4%         N/A       100%        8
 Shatter                  Erth           4%         3d7*      100%        9

Inventory:

Hand Weapons
 e - the +7 lajatang "Bicumm" (weapon) {speed, rElec rPois Dex+5}
   (You bought it in a shop on level 8 of the Dungeon)

   Attacks with this weapon are significantly faster.
   Dex:       It affects your dexterity (+5).
   rElec:     It insulates you from electricity.
   rPois:     It protects you from poison.
 g - the +0 dagger of the Sugar Beet {elec, *Corrode rC- Dex+9 SInv}
   (You took it off a goblin on level 4 of the Dungeon)

   It occasionally discharges a powerful burst of electricity upon striking a
   foe.
   Dex:       It affects your dexterity (+9).
   rC:        It makes you vulnerable to cold.
   SInv:      It lets you see invisible.
   *Corrode:  It may corrode you when you take damage.
Missiles
 b - 760 stones (quivered)
 o - 96 poisoned darts
 r - 5 silver javelins
 L - 4 curare-tipped darts {=f}
Armour
 n - a +0 troll leather armour (worn)
   (You found it on level 9 of the Dungeon)
 t - a +2 pair of boots (worn)
   (You found it on level 4 of the Dungeon)
 u - a +2 pair of gloves (worn)
   (You found it on level 4 of the Dungeon)
 O - a +2 helmet of see invisible (worn)
   (You acquired it on level 6 of the Lair of Beasts)
 P - the +1 cloak of Soft Rains (worn) {Drain +Inv rElec Regen+}
   (You bought it in a shop on level 3 of the Snake Pit)

   rElec:     It insulates you from electricity.
   +Inv:      It lets you turn invisible.
   Regen:     It increases your rate of health regeneration.
   Drain:     It drains your maximum health when unequipped.
Jewellery
 z - a ring of wizardry
   (You found it on level 4 of the Lair of Beasts)
 A - an amulet of the acrobat (around neck)
   (You took it off an orc warrior on level 8 of the Dungeon)
 C - a ring of protection from cold
   (You found it on level 4 of the Dungeon)
 R - a ring of resist corrosion
   (You found it on level 3 of the Lair of Beasts)
 S - a +6 ring of strength (right hand)
   (You found it on level 7 of the Dungeon)
 Z - a ring of wizardry (left hand)
   (You found it on level 10 of the Dungeon)
Wands
 a - a wand of flame (64)
   (You took it off Crazy Yiuf on level 2 of the Dungeon)
 d - a wand of charming (3)
   (You found it on level 3 of the Lair of Beasts)
 f - a wand of digging (1)
   (You found it on level 13 of the Dungeon)
 q - a wand of iceblast (18)
   (You found it on level 14 of the Dungeon)
 F - a wand of polymorph (18)
   (You found it on level 10 of the Dungeon)
 H - a wand of acid (12)
   (You found it on level 7 of the Dungeon)
 M - a wand of mindburst (41)
   (You found it on level 1 of the Lair of Beasts)
Scrolls
 c - 2 scrolls of silence {!r}
 m - 3 scrolls of blinking {!r}
 s - a scroll of immolation {!r!r}
 v - 12 scrolls of teleportation {@r4}
 x - 4 scrolls of vulnerability {!r!r}
 y - a scroll of fog
 E - 3 scrolls of magic mapping {!r}
 G - 3 scrolls of enchant weapon
 I - 2 scrolls of identify {@r1}
 Q - 3 scrolls of fear
 V - 2 scrolls of holy word
Potions
 h - 3 potions of attraction {!q}
 i - 5 potions of berserk rage {!q}
 j - 3 potions of haste {@q3}
 k - 4 potions of might
 p - 2 potions of magic
 w - a potion of invisibility
 D - 3 potions of cancellation
 K - 4 potions of mutation {!q}
 N - 2 potions of flight
 T - 2 potions of lignification {!q}
 U - 5 potions of brilliance
 X - 2 potions of curing {@q1}
 Y - a potion of ambrosia
Miscellaneous
 B - a phial of floods
   (You found it on level 1 of the Snake Pit)
 J - a lightning rod (4/4)
   (You found it on level 6 of the Lair of Beasts)
 W - a phantom mirror
   (You found it on level 12 of the Dungeon)

Dungeon Overview and Level Annotations

Branches:
Dungeon (15/15)            Temple (0/1) D:7            Lair (6/6) D:8
 Shoals (0/4) Lair:4        Snake (4/4) Lair:2        Slime (0/5) Lair:5
    Orc (2/2) D:12            Elf (0/3) Orc:2        Vaults (0/5) D:13
 Depths (1/5) D:15

Altars:
Ashenzari
Cheibriados
Dithmenos
Fedhas
Hepliaklqana
Kikubaaqudgha
Makhleb
Qazlal
Ru
Xom
Yredelemnul
The Shining One
Beogh
Lugonu

Shops:
D:4 =   D:5 **   D:8 (*!=   D:13 *   Orc:2 :[*(   Snake:1 [   Snake:3 ***(
Snake:4 ?

Portals:
Abyss: Lair:6
Pandemonium: Depths:1
Trove: D:10 (give lajatang "Bicumm")

....§≈≈≈≈§......##........####..#
...§≈§§§§§§#...####....#### ####
....≈§≈≈≈§.##..>.#(...##
......≈≈...###......####
..........########.###.##
.....)......# #....##...#
............# #.........#
....=$....#######.......#
..........#2#_..@h.....##
..........#######C.....#
#...........# #........##
#...........###...^.....##.#
.§............C............#
..≈≈≈......C......$.........
..≈≈..>.C..................#
..≈.......................##
......#..................##


You could see a fire giant (ally target), a balrug and a friendly warg
(summoned).


Message History

Press: ? - help, Dir - move target, f/p - fire giant
Aim: a fire giant, wielding a +2 great sword of flaming (lightly wounded, ally target) Attack!
The fire giant points at you and mumbles some strange words.
The fireball explodes!
The fireball engulfs you!!!
* * * LOW HITPOINT WARNING * * *
You hear a chilling moan. 😨 HP[-34]
You take 34 damage, and now have 63/153 hp.
MASSIVE DAMAGE!! (PAUSE) Really walk into that dispersal trap?
You enter a dispersal trap!
The fire giant blinks!
Your warg blinks!
Your mana viper blinks!
The fire giant blinks!
Your cactus giant blinks!
Your mana viper blinks!
You blink.
The fire giant casts a spell at you.
The fireball explodes!
The fireball engulfs you!!!
* * * LOW HITPOINT WARNING * * *
😱 HP[-41] MP[+1]
You take 41 damage, and now have 22/153 hp.
MASSIVE DAMAGE!! (PAUSE)
You feel much better.
The fire giant gestures at you while chanting.
The bolt of fire misses you. 😨 HP[+27]
You regained 27 hp, and now have 49/153 hp.
Hop to where?
Press: ? - help, Dir - move target, p - fire giant Boing! 😨 HP[+3]
You regained 3 hp, and now have 52/153 hp. 😨 HP[+3]
You regained 3 hp, and now have 55/153 hp.
What are your orders? t - Croak!
Orders for allies: a - Attack new target. r - Retreat! s - Stop attacking. g - Guard the area. f - Follow me.
Anything else - Cancel.
Gang up on whom?
Press: ? - help, Dir - move target, f - fire giant
Aim: a fire giant, wielding a +2 great sword of flaming (lightly wounded, ally target) Attack! 😨 HP[+2] MP[+1]
You regained 2 hp, and now have 57/153 hp. 😨 HP[+3]
You regained 3 hp, and now have 60/153 hp. 😨 HP[+2]
You regained 2 hp, and now have 62/153 hp.
Your cactus giant hits the fire giant but does no damage. 😨 HP[+3]
You regained 3 hp, and now have 65/153 hp. 😨 HP[+2]
You regained 2 hp, and now have 67/153 hp. 😨 HP[+3] MP[+1]
You regained 3 hp, and now have 70/153 hp. 😨 HP[+2]
You regained 2 hp, and now have 72/153 hp. 😨 HP[+2]
You regained 2 hp, and now have 74/153 hp. 😮 HP[+3]
You regained 3 hp, and now have 77/153 hp.
Something hits your mana viper!! Something burns your mana viper!
Your mana viper dies!
Your mana viper disappears in a puff of smoke! 😮 HP[+2] MP[+1]
You regained 2 hp, and now have 79/153 hp. 😮 HP[+2]
You regained 2 hp, and now have 81/153 hp.
You barely miss the fire giant.
Your warg bites the fire giant. 😮 HP[+2]
You regained 2 hp, and now have 83/153 hp.
You slash the fire giant!
The fire giant hits you with a +2 great sword of flaming!!
* * * LOW HITPOINT WARNING * * *
The fire giant burns you.
* * * LOW HITPOINT WARNING * * *
😨 HP[-38]
You take 38 damage, and now have 45/153 hp.
MASSIVE DAMAGE!! (PAUSE)
You slash the fire giant!
Your warg bites the fire giant! 😨 HP[+1]
You slice the fire giant!!
Your warg bites the fire giant!
The fire giant completely misses you. 😨 HP[+2]
You regained 2 hp, and now have 48/153 hp.
You hit the fire giant.
Your warg bites the fire giant.
The fire giant hits you with a +2 great sword of flaming!!
* * * LOW HITPOINT WARNING * * *
The fire giant burns you!
* * * LOW HITPOINT WARNING * * *
😱 HP[-35]
You take 35 damage, and now have 13/153 hp.
MASSIVE DAMAGE!! (PAUSE)
You feel much better.
Your warg bites the fire giant!
The fire giant casts a spell at you.
The fireball explodes!
The fireball engulfs you!!!
You die...
Fedhas appreciates your contribution to the ecosystem.

Skill      XL: |  1  2  3  4  5  6  7  8  9 10 11 12 13 14 15 16 17 18 19 |
---------------+----------------------------------------------------------+-----
Summonings     | 5 6 7 9 10 11 12 13 14 15 16 | 16.0
Fighting       | 1 2 3 4 6 7 9 10 11 12 14 | 14.5
Dodging        | 3 4 5 6 7 9 10 11 12 13 14 15 16 | 16.1
Spellcasting   | 3 4 5 6 7 8 |  8.0
Invocations    | 1 3 4 6 7 8 9 10 11 12 13 | 13.4
Shields        | 2 4 |  4.0
Stealth        | 4 6 7 |  7.0
Air Magic      | 4 |  4.5
Hexes          | 6 7 8 9 10 12 | 12.2
Staves         | 5 8 10 11 | 11.6

Action                   |  1- 3 |  4- 6 |  7- 9 | 10-12 | 13-15 | 16-18 | 19-21 || total
-------------------------+-------+-------+-------+-------+-------+-------+-------++-------
Melee: Unarmed           |    19 |       |       |       |       |       |       ||    19
       Dagger            |    27 |   123 |   340 |   521 |   691 |   303 |       ||  2005
       Lajatang          |       |       |       |       |       |   921 |    41 ||   962
Throw: Stone             |    18 |     5 |       |       |       |       |       ||    23
       Dart              |       |       |     4 |    45 |       |     2 |       ||    51
       Javelin           |       |       |       |       |       |     1 |       ||     1
 Cast: Summon Small Mamm |    37 |    17 |       |     6 |     1 |       |       ||    61
       Call Imp          |     1 |    21 |    28 |    53 |     6 |       |       ||   109
       Call Canine Famil |       |    23 |    49 |   117 |    75 |   151 |     7 ||   422
       Summon Guardian G |       |       |       |    14 |       |       |       ||    14
       Summon Lightning  |       |       |       |     4 |     7 |    21 |     3 ||    35
       Summon Cactus Gia |       |       |       |       |    43 |    85 |     4 ||   132
       Summon Mana Viper |       |       |       |       |    29 |    55 |     7 ||    91
       Tukima's Dance    |       |       |       |       |       |    43 |       ||    43
Invok: Wall of Briars    |       |       |       |     1 |       |     2 |       ||     3
       Grow Oklob        |       |       |       |       |       |     4 |       ||     4
       Grow Ballistomyce |       |       |       |       |       |     2 |       ||     2
 Abil: Hop               |       |       |       |     6 |     7 |     9 |     2 ||    24
Evoke: Wand              |       |       |       |       |     1 |     3 |       ||     4
  Use: Scroll            |       |     3 |     9 |    10 |     9 |     7 |       ||    38
       Potion            |       |       |     4 |     5 |     1 |    11 |     2 ||    23
 Stab: Distracted        |       |     4 |     2 |    11 |    15 |    15 |     2 ||    49
       Sleeping          |       |       |     3 |     6 |     3 |     4 |       ||    16
       Petrified         |       |       |       |       |     2 |     1 |       ||     3
Armor: Robe              |    10 |     7 |    15 |       |       |       |       ||    32
       Leather armour    |       |       |    43 |       |       |       |       ||    43
       Acid dragon scale |       |       |    20 |    52 |       |       |       ||    72
       Troll leather arm |       |       |       |    95 |   175 |   287 |     4 ||   561
Dodge: Dodged            |    38 |    85 |   308 |   681 |   820 |  1407 |    48 ||  3387
Block: Buckler           |       |       |       |   179 |   271 |   102 |       ||   552

Levels and vault maps discovered:
D:1:      minmay_arrival_open_corners, layout_basic
D:2:      layout_loops_ring, uniq_jessica, uniq_crazy_yiuf_cottage
D:3:      layout_loops_cross, fedhas_altar_3, ebering_ecumenical_altar_mist
D:4:      minmay_bubble_buster, layout_basic, mainiacjoe_overflow_cross_hatched,
          serial_shops, nicolae_shop_crystal, uniq_grinder
D:5:      layout_loops_corners, mainiacjoe_overflow_paths, serial_shops, shop,
          hex_medium, nicolae_elemental_shop
D:6:      layout_rooms, nicolae_qazlal_scattered_showers,
          minmay_misc_feat_four_crosses, lightli_orcish_oven
D:7:      layout_cave_pools, nicolae_hepliaklqana_monster_ancestors,
          minmay_temple_entry_junction_2, supply_closet_lemuel, uniq_maggie
D:8:      layout_basic, minmay_lair_entry_grove, serial_shops,
          nicolae_square_shop, shop_statue, nicolae_shop_statue_plus,
          shop_coins, nicolae_shop_stone, hangedman_decor_riveting, uniq_grum
D:9:      layout_basic, lemuel_mausoleum_altar_kikubaaqudgha,
          lemuel_doored_altar
D:10:     layout_roguey, pf_just_have_faith, kennysheep_mini_moat,
          enter_trove_2, grunt_ogre_cave, minmay_fractal_squares_diagonal_5,
          uniq_harold, uniq_sonja
D:11:     layout_rooms, nicolae_dithmenos_the_darkroom
D:12:     layout_gridville, orc_0_dummy, minmay_misc_feat_roman,
          item_on_display_a
D:13:     layout_gridville, david_vaults_2, minmay_shop_mass,
          hangedman_feature_mirror, ashenzari_conservatory_becter
D:14:     layout_irregular_city, nicolae_tso_carved_into_rock
D:15:     hangedman_depths_entry_try_elsewhere_first, layout_rooms
Lair:1:   lemuel_reptile_caves, layout_chaotic_city, grunt_megastairs_4,
          infiniplex_staircase_pool_2
Lair:2:   layout_regular_city, minmay_snake_entry_guardpost_small
Lair:3:   gammafunk_mikee_crab_dinner, layout_chaotic_city,
          gammafunk_ghost_necromancy
Lair:4:   layout_cave_pods, elwin_shoals_entry_stream, gauntlet_entry_generic,
          beast_lair_carwin_11, grunt_megastairs_1
Lair:5:   layout_cave_pods, minmay_slime_entry_oklob_open, minmay_lindwurm_lava,
          lemuel_fruit_fields, serial_bayou_shore_b, lemuel_fruit_tree
Lair:6:   hellmonk_lair_end_abyssal_woods, layout_regular_city,
          infiniplex_staircase_pool, serial_bayou_shore_a
Snake:1:  layout_cave_pods, nicolae_take_the_stairs, nicolae_snake_shapes
Snake:2:  layout_gridlike, serial_bayou_pond_e, evilmike_ambush
          [evilmike_ambush_outer_corners, evilmike_ambush_inner_pond]
Snake:3:  layout_chambers, serial_shops, nicolae_shop_statue_plus,
          grunt_megastairs_3, minmay_shop_star, uniq_vashnia, uniq_donald,
          uniq_azrael
Snake:4:  grunt_snake_rune_spirals, layout_onion_interference, serial_shops,
          shop
Orc:1:    layout_caves, basic_altar, mines4_lemuel
Orc:2:    grunt_orc_cross, layout_caves, basic_altar
Depths:1: layout_cave_pools, enter_ziggurat_c, serial_shops, shop,
          cheibriados_altar_1, abyss_entry_crystal, hangedman_coc_ice_floe,
          serial_column_ruins, column_ruins_portal_astroid, column_ruins_grid_1,
          column_ruins_grid_1, column_ruins_columns_corner,
          column_ruins_open_tiny, column_ruins_open_small,
          column_ruins_corridor_dead_end, column_ruins_open_tiny,
          makhleb_altar_promises_db, serial_bayou_shore_b

Notes
Turn   | Place    | Note
-------+----------+-------------------------------------------
     0 | D:1      | spiderkeys the Barachi Summoner began the quest for the
                  | Orb.
     0 | D:1      | Reached XP level 1. HP: 13/13 MP: 3/3
     0 | D:1      | magus.rc [v1.9.10]
   304 | D:1      | Reached XP level 2. HP: 20/20 MP: 5/5
   315 | D:1      | You pick up a book of Frost and begin reading...
   315 | D:1      | You add the spells Freeze, Frozen Ramparts and Hailstorm to
                  | your library.
   382 | D:1      | Reached skill level 5 in Summonings
   533 | D:1      | Reached skill level 1 in Fighting
  1059 | D:1      | Reached XP level 3. HP: 20/26 MP: 2/6
  1432 | D:2      | Learned a level 2 spell: Call Imp
  1472 | D:2      | Noticed Jessica
  1478 | D:2      | Killed Jessica
  1479 | D:2      | Reached skill level 2 in Fighting
  1479 | D:2      | Reached skill level 3 in Dodging
  1479 | D:2      | Reached XP level 4. HP: 33/33 MP: 3/8
  1854 | D:2      | You add the spells Conjure Flame, Ignite Poison and Sticky
                  | Flame to your library.
  2157 | D:2      | Reached skill level 3 in Spellcasting
  2471 | D:2      | Learned a level 3 spell: Call Canine Familiar
  2609 | D:2      | Found a runed translucent door.
  2610 | D:2      | Noticed Crazy Yiuf
  3075 | D:3      | Found a faded altar of an unknown god.
  3185 | D:3      | You add the spells Sting, Poisonous Vapours and Olgreb's
                  | Toxic Radiance to your library.
  3196 | D:3      | Found a blossoming altar of Fedhas.
  3253 | D:3      | Became a worshipper of Fedhas Madash
  3254 | D:3      | Noticed a black bear
  3297 | D:3      | Killed a black bear
  3298 | D:3      | Reached skill level 3 in Fighting
  3298 | D:3      | Reached XP level 5. HP: 41/41 MP: 2/10
  3958 | D:4      | Noticed Grinder
  4136 | D:4      | Killed Grinder
  4137 | D:4      | Reached skill level 4 in Dodging
  4137 | D:4      | Reached skill level 4 in Spellcasting
  4137 | D:4      | Reached skill level 6 in Summonings
  4137 | D:4      | Reached XP level 6. HP: 24/48 MP: 6/12
  4294 | D:4      | Found Taatebra's Jewellery Shop.
  4354 | D:4      | Noticed a necrophage
  4370 | D:4      | Killed a necrophage
  4371 | D:4      | Reached skill level 4 in Fighting
  4371 | D:4      | Reached XP level 7. HP: 28/54 MP: 9/13
  4445 | D:4      | Identified the +0 dagger of the Sugar Beet {elec, *Corrode
                  | rC- Dex+9 SInv}
  4980 | D:4      | Reached * piety under Fedhas
  4984 | D:4      | Reached skill level 1 in Invocations
  5263 | D:4      | Found a shadowy altar of Dithmenos.
  5317 | D:4      | Reached skill level 5 in Dodging
  5317 | D:4      | Reached skill level 7 in Summonings
  5317 | D:4      | Reached XP level 8. HP: 32/61 MP: 8/15
  5482 | D:4      | Reached skill level 5 in Fighting
  5654 | D:5      | Entered Level 5 of the Dungeon
  5654 | D:5      | Found Etiblouth's Elemental Accessories.
  5746 | D:5      | Reached skill level 5 in Spellcasting
  5746 | D:5      | Reached skill level 2 in Invocations
  5889 | D:5      | Found a snail-covered altar of Cheibriados.
  5921 | D:5      | Reached ** piety under Fedhas
  5999 | D:5      | Found Qaviamah's Assorted Antiques.
  6006 | D:5      | Bought a scroll labelled JABUTR ZAEMU for 33 gold pieces
  6006 | D:5      | Bought a scroll labelled EWIWETZ EDEEDWI for 33 gold pieces
  6717 | D:5      | Reached skill level 6 in Fighting
  6858 | D:6      | You pick up a book of Chaos and begin reading...
  6858 | D:6      | You add the spells Conjure Ball Lightning, Disjunction and
                  | Discord to your library.
  6928 | D:6      | Found a stormy altar of Qazlal.
  6947 | D:6      | Reached skill level 6 in Dodging
  6947 | D:6      | Reached skill level 3 in Invocations
  6953 | D:6      | Reached XP level 9. HP: 62/69 MP: 17/17
  7013 | D:6      | Reached skill level 8 in Summonings
  7472 | D:6      | Identified the +1 leather armour of the Prince of Darkness
                  | {rF- Str+5 SInv}
  7513 | D:6      | Reached skill level 6 in Spellcasting
  8009 | D:7      | Found a staircase to the Ecumenical Temple.
  8020 | D:7      | Reached *** piety under Fedhas
  8125 | D:7      | Noticed Maggie
  8141 | D:7      | Killed Maggie
  8142 | D:7      | Reached skill level 7 in Fighting
  8142 | D:7      | Reached skill level 1 in Shields
  8142 | D:7      | Reached skill level 4 in Invocations
  8931 | D:7      | HP: 18/72 [orc warrior (3)]
  8934 | D:7      | HP: 4/72 [orc wizard/magic dart (5)]
  8936 | D:7      | Reached skill level 7 in Dodging
  9354 | D:7      | You pick up a book of Maledictions and begin reading...
  9354 | D:7      | You add the spells Corona, Ensorcelled Hibernation and
                  | Tukima's Dance to your library.
  9513 | D:7      | Found a hazy altar of Hepliaklqana.
  9660 | D:8      | Noticed Grum
  9672 | D:7      | Reached skill level 2 in Shields
  9683 | D:8      | Killed Grum
  9684 | D:8      | Reached skill level 9 in Summonings
  9685 | D:8      | Reached XP level 10. HP: 60/79 MP: 13/19
  9774 | D:8      | Found Ycetzosa's Weapon Shoppe.
  9792 | D:8      | Found Lonaez's General Store.
  9951 | D:8      | Reached skill level 3 in Shields
 10107 | D:8      | Found Hejim's General Store.
 10125 | D:8      | Found Taorisch's Jewellery Shop.
 10289 | D:8      | Reached skill level 8 in Fighting
 10311 | D:8      | Reached skill level 5 in Invocations
 10553 | D:8      | Found a staircase to the Lair.
 10592 | D:7      | Reached **** piety under Fedhas
 10593 | D:7      | Reached skill level 4 in Shields
 10694 | D:7      | Reached skill level 8 in Dodging
 11405 | D:8      | Found Tughobra's Distillery.
 11411 | D:8      | Bought a potion of heal wounds for 55 gold pieces
 11441 | D:8      | Reached skill level 10 in Summonings
 11465 | D:8      | Reached skill level 9 in Fighting
 11471 | D:8      | Reached skill level 6 in Invocations
 11649 | D:8      | Noticed a two-headed ogre
 11675 | D:8      | Killed a two-headed ogre
 11676 | D:8      | Reached skill level 9 in Dodging
 11676 | D:8      | Reached XP level 11. HP: 55/89 MP: 10/20
 11927 | D:8      | Upgraded the game from 0.28-a0-313-gbc0475efdd to
                  | 0.28-a0-381-g937acc2988
 11927 | D:8      | magus.rc [v1.9.10]
 12170 | D:2      | Killed Crazy Yiuf
 12621 | D:9      | Found a glowing golden altar of the Shining One.
 12738 | D:9      | Reached skill level 2 in Stealth
 13574 | D:9      | Found an ancient bone altar of Kikubaaqudgha.
 13817 | D:10     | Entered Level 10 of the Dungeon
 13898 | D:10     | Found a portal to a secret trove of treasure.
 13898 | D:10     | Noticed Harold
 13922 | D:10     | Killed Harold
 13923 | D:10     | Reached skill level 10 in Fighting
 13923 | D:10     | Reached skill level 3 in Stealth
 14060 | D:10     | This trove needs the lajatang "Bicumm" to function. Give it
                  | the item?
 14208 | D:10     | You fall into a shaft and drop 2 floors!
 14208 | D:12     | Identified the +7 whip of Karma {pain, Str+7 Dex+2}
 14216 | D:12     | Noticed a manticore
 14276 | D:12     | Noticed a cyclops
 14281 | D:12     | Noticed a deep troll
 14281 | D:12     | a cyclops changed into a deep troll
 14291 | D:12     | Killed a deep troll
 14344 | D:11     | Noticed a cyclops
 14344 | D:11     | Noticed a boulder beetle
 14417 | D:10     | Found a shimmering altar of Xom.
 14456 | D:10     | Reached skill level 7 in Invocations
 14465 | D:10     | Reached skill level 7 in Spellcasting
 14654 | D:10     | Noticed a two-headed ogre
 14656 | D:10     | Noticed Sonja
 14679 | D:9      | HP: 21/91 [poisoned by Sonja]
 14793 | D:10     | Killed Sonja
 14793 | D:10     | HP: 22/91 [poisoned by Sonja]
 14797 | D:10     | HP: 10/92 [poisoned by Sonja]
 14802 | D:10     | HP: 9/92 [poisoned by Sonja]
 14940 | D:10     | Killed a two-headed ogre
 14941 | D:10     | Reached skill level 4 in Stealth
 15321 | D:10     | Found a basalt altar of Yredelemnul.
 15433 | D:11     | Noticed a two-headed ogre
 15454 | D:10     | Killed a two-headed ogre
 15455 | D:10     | Reached skill level 10 in Dodging
 15455 | D:10     | Reached XP level 12. HP: 99/99 MP: 19/23
 15583 | D:10     | Killed a boulder beetle
 15824 | D:11     | Found a shadowy altar of Dithmenos.
 16137 | D:11     | Reached ***** piety under Fedhas
 16152 | D:11     | Learned a level 3 spell: Summon Guardian Golem
 16157 | D:11     | Learned a level 4 spell: Summon Lightning Spire
 16202 | D:12     | Reached skill level 11 in Fighting
 16202 | D:12     | Reached skill level 5 in Stealth
 16258 | D:12     | Reached skill level 1 in Air Magic
 16366 | D:12     | Found a staircase to the Orcish Mines.
 16502 | D:12     | Reached skill level 8 in Spellcasting
 16639 | D:12     | Noticed a seven-headed hydra
 16647 | D:12     | Killed a seven-headed hydra
 16648 | D:12     | Reached skill level 2 in Air Magic
 16791 | D:12     | Noticed a boulder beetle
 16832 | D:12     | Killed a boulder beetle
 16833 | D:12     | Reached skill level 8 in Invocations
 16972 | D:12     | Noticed an eight-headed hydra
 17193 | D:12     | Killed an eight-headed hydra
 17385 | Lair:1   | Entered Level 1 of the Lair of Beasts
 17436 | Lair:1   | Reached skill level 3 in Air Magic
 17567 | Lair:1   | Reached skill level 6 in Stealth
 17728 | Lair:1   | Reached skill level 11 in Dodging
 17952 | Lair:1   | Reached skill level 4 in Air Magic
 17952 | Lair:1   | Gained mutation: You can hop long distances. [Barachi
                  | growth]
 17952 | Lair:1   | Reached XP level 13. HP: 100/107 MP: 20/25
 18071 | Lair:1   | Reached skill level 1 in Hexes
 18104 | Lair:1   | Reached skill level 2 in Hexes
 18295 | Lair:1   | Reached skill level 12 in Fighting
 18365 | Lair:1   | You pick up a book of the Wilderness and begin reading...
 18365 | Lair:1   | You add the spells Summon Forest, Summon Mana Viper and
                  | Summon Cactus Giant to your library.
 18373 | Lair:1   | Learned a level 6 spell: Summon Cactus Giant
 18379 | Lair:1   | Learned a level 5 spell: Summon Mana Viper
 18798 | Lair:2   | Identified the +9 great sword of the Vendetta {drain, Str+3
                  | SInv}
 18887 | Lair:2   | Reached skill level 3 in Hexes
 19038 | Lair:2   | Reached skill level 7 in Stealth
 19126 | Lair:2   | Found a staircase to the Snake Pit.
 19263 | Lair:2   | Reached skill level 4 in Hexes
 19263 | Lair:2   | Reached skill level 9 in Invocations
 19366 | Lair:2   | Reached ****** piety under Fedhas
 19635 | Lair:2   | HP: 26/109 [yak (2)]
 19663 | Lair:1   | Reached skill level 5 in Hexes
 19863 | Lair:2   | Identified the +2 long sword of Midwinter {elec, Will+}
 20139 | Lair:3   | Found a runed translucent door.
 20319 | Lair:3   | Found a runed translucent gate.
 20320 | Lair:3   | Found a runed translucent gate.
 20321 | Lair:3   | Found a runed translucent gate.
 20348 | Lair:3   | Noticed Nieclary's ghost (journeyman TrTm)
 20532 | Lair:3   | Reached skill level 6 in Hexes
 20723 | Lair:3   | Reached XP level 14. HP: 107/116 MP: 9/26
 20943 | Lair:3   | Reached skill level 11 in Summonings
 21206 | Lair:3   | Reached skill level 12 in Dodging
 21244 | Lair:3   | Noticed an entropy weaver
 21259 | Lair:3   | Killed an entropy weaver
 21260 | Lair:3   | Reached skill level 7 in Hexes
 21269 | Lair:4   | Identified a potion of experience
 21270 | Lair:4   | Reached skill level 14 in Fighting
 21270 | Lair:4   | Reached XP level 15. HP: 68/127 MP: 3/27
 21662 | Lair:4   | Found a staircase to the Shoals.
 23561 | Lair:5   | Found a staircase to the Slime Pits.
 23568 | Lair:5   | Reached skill level 8 in Hexes
 23574 | Lair:5   | Reached skill level 1 in Staves
 24171 | Lair:5   | Reached skill level 2 in Staves
 24182 | Lair:5   | Reached skill level 10 in Invocations
 24275 | Lair:5   | You add the spells Sandblast, Spider Form, Irradiate, Bolt
                  | of Magma and Borgnjor's Vile Clutch to your library.
 24275 | Lair:5   | Got the Incunabulum of Earth and Transmutation
 24563 | Lair:6   | Entered Level 6 of the Lair of Beasts
 24661 | Lair:5   | Reached skill level 3 in Staves
 25031 | Lair:6   | Reached skill level 12 in Summonings
 25135 | Lair:6   | Identified a scroll of acquirement
 25135 | Lair:6   | Acquired a +1 helmet of see invisible
 25208 | Lair:6   | Reached skill level 4 in Staves
 25720 | Lair:6   | Reached skill level 13 in Dodging
 26146 | Lair:6   | Paralysed by a hornet for 3 turns
 26169 | Lair:6   | Reached skill level 5 in Staves
 26314 | Lair:6   | Reached XP level 16. HP: 119/134 MP: 26/28
 26516 | Lair:6   | Found a corrupted altar of Lugonu.
 26516 | Lair:6   | Found a one-way gate to the infinite horrors of the Abyss.
 26777 | Lair:6   | Gained mutation: You occasionally shout uncontrollably at
                  | your foes. [potion of mutation]
 26777 | Lair:6   | Gained mutation: You possess an exceptional clarity of
                  | mind. [potion of mutation]
 26778 | Lair:6   | Lost mutation: You possess an exceptional clarity of mind.
                  | [potion of mutation]
 26778 | Lair:6   | Lost mutation: You occasionally shout uncontrollably at
                  | your foes. [potion of mutation]
 26778 | Lair:6   | Gained mutation: Your body sometimes deteriorates upon
                  | taking damage. [potion of mutation]
 26778 | Lair:6   | Gained mutation: You are partially covered in iridescent
                  | scales. (AC +2) [potion of mutation]
 26779 | Lair:6   | Lost mutation: You are partially covered in iridescent
                  | scales. (AC +2) [potion of mutation]
 26779 | Lair:6   | Lost mutation: Your body sometimes deteriorates upon taking
                  | damage. [potion of mutation]
 26779 | Lair:6   | Gained mutation: Your flesh is cold resistant. (rC+)
                  | [potion of mutation]
 26779 | Lair:6   | Gained mutation: You possess an exceptional clarity of
                  | mind. [potion of mutation]
 26784 | Lair:6   | Learned a level 3 spell: Tukima's Dance
 26784 | Lair:6   | magus.rc [v1.9.10]
 26938 | Orc:1    | Entered Level 1 of the Orcish Mines
 26969 | Orc:1    | Paralysed by an orc sorcerer for 3 turns
 26990 | Orc:1    | HP: 25/134 [sun demon[an orc sorcerer] (17)]
 27083 | Orc:1    | Paralysed by an orc sorcerer for 3 turns
 27365 | Orc:2    | Entered Level 2 of the Orcish Mines
 27895 | Orc:2    | Noticed Urug
 27896 | Orc:2    | Noticed Blork the orc
 27927 | Orc:1    | Killed Blork the orc
 28037 | Orc:2    | Killed Urug
 28038 | Orc:2    | Reached skill level 6 in Staves
 28128 | Orc:2    | Reached skill level 11 in Invocations
 28311 | Orc:2    | Noticed Saint Roka
 28330 | Orc:2    | Killed Saint Roka
 28331 | Orc:2    | Reached skill level 13 in Summonings
 28494 | Orc:2    | Found Eqeg's Antique Weapon Shoppe.
 28530 | Orc:2    | Found Cainicus's General Store.
 28547 | Orc:2    | Found Fitegiek's Book Shoppe.
 28689 | Orc:2    | Found Danuhin's Antique Armour Shoppe.
 28780 | Orc:2    | Found a staircase to the Elven Halls.
 29013 | Orc:2    | Bought a heavily runed helmet for 285 gold pieces
 29013 | Orc:2    | Identified the +2 helmet of the Guardian {Str+2 Dex+3} (You
                  | bought it in a shop on level 2 of the Orcish Mines)
 29379 | Orc:1    | You pick up a book of Dreams and begin reading...
 29382 | Orc:1    | You add the spells Passage of Golubria and Yara's Violent
                  | Unravelling to your library.
 29716 | D:8      | Bought the +7 lajatang "Bicumm" {speed, rElec rPois Dex+5}
                  | for 1485 gold pieces
 29938 | D:13     | Found a broken altar of Ashenzari.
 30013 | D:13     | Found a gate to the Vaults.
 30015 | D:13     | Found a hazy altar of Hepliaklqana.
 30020 | D:13     | Reached skill level 7 in Staves
 30328 | D:13     | Found a sacrificial altar of Ru.
 30484 | D:13     | Found Soaduw's Mass Market.
 30844 | D:14     | Reached skill level 14 in Dodging
 30981 | D:14     | You pick up a book of Winter and begin reading...
 30981 | D:14     | You add the spells Ozocubu's Armour, Metabolic Englaciation
                  | and Simulacrum to your library.
 31076 | D:13     | Upgraded the game from 0.28-a0-381-g937acc2988 to
                  | 0.28-a0-384-g9e0c098162
 31076 | D:13     | magus.rc [v1.9.10]
 31420 | D:14     | Found a glowing golden altar of the Shining One.
 32119 | D:15     | Entered Level 15 of the Dungeon
 32239 | D:15     | Reached skill level 8 in Staves
 32240 | D:15     | Reached skill level 9 in Hexes
 32365 | D:15     | Paralysed by an ogre mage for 4 turns
 32383 | D:15     | Reached XP level 17. HP: 124/140 MP: 9/29
 33147 | D:15     | Found a staircase to the Depths.
 33465 | Snake:1  | Entered Level 1 of the Snake Pit
 33467 | Snake:1  | Found Ziceov's Antique Armour Shoppe.
 33680 | Snake:1  | Reached skill level 14 in Summonings
 34139 | Snake:1  | Reached skill level 12 in Invocations
 34144 | Snake:1  | Identified the +0 leather armour "Xoczem" {SInv}
 34689 | Snake:1  | Reached skill level 9 in Staves
 34743 | Snake:1  | HP: 12/140 [naga warrior (44)]
 34744 | Snake:1  | HP: 5/140 [shock serpent/bolt of electricity (5)]
 35064 | Snake:2  | HP: 34/140 [salamander (15)]
 35069 | Snake:2  | HP: 31/140 [poisoned by a naga (splash of poison)]
 35078 | Snake:2  | Reached skill level 10 in Hexes
 35503 | Snake:2  | You add the spells Eringya's Noxious Bog and Summon Hydra
                  | to your library.
 35508 | Snake:2  | You pick up a book of the Earth and begin reading...
 35508 | Snake:2  | You add the spells Stone Arrow and Shatter to your library.
 36369 | Snake:1  | Bought an ancient cloak for 380 gold pieces
 36369 | Snake:1  | Identified the +0 cloak of the Insatiable Knives {rCorr
                  | Str+2} (You bought it in a shop on level 1 of the Snake
                  | Pit)
 36502 | Snake:3  | Reached skill level 15 in Dodging
 36561 | Snake:3  | Noticed Donald
 36589 | Snake:3  | HP: 24/122 [Donald (25)]
 36595 | Snake:3  | Killed Donald
 36608 | Snake:3  | HP: 28/123 [shock serpent (4)]
 36615 | Snake:3  | HP: 22/123 [shock serpent (10)]
 36731 | Snake:3  | Noticed Azrael
 36864 | Snake:2  | Upgraded the game from 0.28-a0-384-g9e0c098162 to
                  | 0.28-a0-410-gbef64dd269
 36864 | Snake:2  | magus.rc [v1.9.10]
 36938 | Snake:3  | Killed Azrael
 37160 | Snake:3  | Found Vehikk's General Store.
 37163 | Snake:3  | Found Xuschoelu's Assorted Antiques.
 37166 | Snake:3  | Found Nauzal's Antique Weapon Shoppe.
 37184 | Snake:3  | Bought the +1 cloak of Soft Rains {Drain +Inv rElec Regen+}
                  | for 323 gold pieces
 37208 | Snake:3  | Found Unlu Zea's General Store.
 37543 | Snake:3  | Noticed Vashnia
 37683 | Snake:3  | Killed Vashnia
 37684 | Snake:3  | Reached skill level 10 in Staves
 37689 | Snake:3  | Reached XP level 18. HP: 131/147 MP: 5/30
 38615 | Snake:4  | Entered Level 4 of the Snake Pit
 38788 | Snake:4  | Reached skill level 15 in Summonings
 38792 | Snake:4  | Reached skill level 11 in Hexes
 38998 | Snake:4  | Found Cukei's Magic Scroll Boutique.
 39442 | Snake:4  | HP: 30/147 [poisoned by a nagaraja (bolt of poison)]
 39447 | Snake:4  | HP: 26/147 [constriction (1)]
 39552 | Snake:4  | Got a serpentine rune of Zot
 39668 | Snake:4  | Reached skill level 13 in Invocations
 39824 | Snake:4  | Reached skill level 11 in Staves
 40299 | Snake:4  | Identified a +2 robe of the Archmagi
 41005 | Lair:3   | Reached skill level 12 in Hexes
 41073 | Lair:3   | Reached skill level 16 in Dodging
 41233 | Lair:3   | Reached XP level 19. HP: 104/153 MP: 16/31
 41436 | Lair:3   | Killed Nieclary's ghost
 41749 | Depths:1 | Entered Level 1 of the Depths
 41755 | Depths:1 | Found a snail-covered altar of Cheibriados.
 41767 | Depths:1 | Upgraded the game from 0.28-a0-410-gbef64dd269 to
                  | 0.28-a0-447-g1f95980246
 41767 | Depths:1 | magus.rc [v1.9.10]
 41905 | Depths:1 | Reached skill level 16 in Summonings
 41914 | Depths:1 | Found a burning altar of Makhleb.
 42078 | Depths:1 | Found a one-way gate leading to the halls of Pandemonium.
 42093 | Depths:1 | You pick up a book of Vapours and begin reading...
 42161 | Depths:1 | HP: 22/153 [fire giant/fireball (44)]
 42180 | Depths:1 | HP: 21/153 [fire giant (28)]
 42181 | Depths:1 | Killed from afar by a fire giant

Vanquished Creatures
  Saint Roka (Orc:2)
  10 nagarajas
  A frost giant (Depths:1)
  2 stone giants (Depths:1)
  Azrael (Snake:3)
  An entropy weaver (Lair:3)
  The ghost of Nieclary the Grappler, a journeyman TrTm of Cheibriados (Lair:3)
  Harold (D:10)
  A salamander tyrant (Snake:4)
  5 boulder beetles
  8 naga warriors
  A centaur warrior (D:14)
  2 catoblepae
  3 hydras
  3 ghost crabs (Lair:3)
  3 anacondas
  2 two-headed ogres
  3 tengu warriors
  5 shock serpents
  2 death yaks
  9 naga sharpshooters
  Sonja (D:10)
  3 fire crabs (Lair:3)
  A fire crab (shapeshifter) (D:14)
  A salamander mystic (Snake:4)
  A sea snake (shapeshifter) (D:13)
  2 naga ritualists
  3 lindwurms
  An orc knight (Orc:2)
  A phantasmal warrior (D:14)
  2 harpies (D:15)
  A deep elf pyromancer (D:14)
  4 mana vipers
  A manticore (shapeshifter) (D:13)
  3 orc sorcerers
  2 ugly things (D:15)
  A wolf spider (D:15)
  7 cyclopes
  A manticore (D:13)
  7 salamanders
  A guardian serpent (shapeshifter) (D:13)
  2 elephants
  A merfolk siren (Lair:4)
  21 black mambas
  5 naga magi
  A guardian serpent (Snake:4)
  2 freezing wraiths (D:13)
  An unseen horror (D:13)
  A rime drake (Lair:6)
  3 cane toads
  6 komodo dragons
  Maggie (D:7)
  An efreet (D:14)
  An ancient zyme (Lair:6)
  2 tengu conjurers
  A troll (D:10)
  2 hornets
  7 slime creatures
  Grinder (D:4)
  18 blink frogs
  A spectral black mamba (Lair:3)
  2 wraiths
  16 yaks
  A fire elemental (Snake:3)
  A spectral fire crab (Lair:3)
  5 wyverns
  4 basilisks
  Grum (D:8)
  6 vampire mosquitoes
  5 small abominations (Lair:6)
  19 water moccasins
  17 nagas
  A hell hound (Snake:3)
  An ice beast (D:5)
  A black bear (D:4)
  7 orc warriors
  2 necrophages
  5 ogres
  6 wolves
  5 centaurs
  4 nameless horrors
  2 gnoll sergeants
  3 bullfrogs
  A scorpion (D:7)
  5 killer bees
  4 wights (D:10)
  An electric eel (Lair:6)
  A bullfrog zombie (D:5)
  5 centaur zombies (D:9)
  A human zombie (D:9)
  3 hounds
  3 orc priests
  2 jellies (D:5)
  2 centaur skeletons
  2 iguanas
  7 orc wizards
  A hound zombie (D:5)
  3 mummies (D:9)
  9 gnolls
  12 adders
  An ufetubus (D:5)
  An adder skeleton (D:4)
  20 orcs
  5 ball pythons
  A giant cockroach (D:4)
  2 goblins
  3 hobgoblins
  2 quokkas (D:4)
  3 bats
  A frilled lizard (D:1)
  A kobold (D:7)
  2 rats (D:2)
  A spectral kobold (D:7)
406 creatures vanquished.

Vanquished Creatures (collateral kills)
  Vashnia (Snake:3)
  Donald (Snake:3)
  6 nagarajas (Snake:4)
  A dire elephant (D:14)
  3 entropy weavers (Lair:3)
  A blizzard demon (Depths:1)
  A fire dragon (Depths:1)
  An ogre mage (D:15)
  A catoblepas (Lair:4)
  2 boulder beetles
  3 hydras
  2 centaur warriors
  2 salamander tyrants (Snake:4)
  A ghost crab (Lair:3)
  7 naga warriors
  An anaconda (Snake:4)
  A death knight (D:14)
  3 death yaks
  4 two-headed ogres
  3 thrashing horrors (Lair:6)
  An orc high priest (Orc:2)
  Urug (Orc:2)
  2 shock serpents
  10 naga sharpshooters
  A tengu warrior (D:14)
  3 fire crabs
  2 salamander mystics
  A deep troll (shapeshifter) (D:12)
  A spectral hydra (Lair:3)
  4 naga ritualists
  4 lindwurms
  A wizard (D:14)
  A harpy (D:15)
  A deep elf pyromancer (D:14)
  2 orc knights (Orc:2)
  2 salamanders
  An orb spider (shapeshifter) (Lair:6)
  A mana viper (Snake:1)
  8 slime creatures
  7 ugly things
  8 elephants
  2 orc sorcerers
  A manticore (D:13)
  A wolf spider (D:15)
  A cyclops (D:13)
  8 black mambas
  3 naga magi
  A merfolk siren (Lair:4)
  An apocalypse crab (Lair:3)
  A guardian serpent (Snake:4)
  A smoke demon (Lair:6)
  8 cane toads
  An unseen horror (D:11)
  A tengu conjurer (D:14)
  A rime drake (Lair:6)
  6 komodo dragons
  An ancient zyme (Lair:6)
  A polar bear (shapeshifter) (D:13)
  2 nameless horrors (Lair:5)
  5 trolls
  A polar bear (Lair:4)
  2 merfolk (Lair:4)
  A jumping spider (shapeshifter) (Lair:6)
  18 blink frogs
  A ynoxinul (Lair:6)
  2 spriggans (Lair:6)
  4 wyverns
  A wraith (D:11)
  28 yaks
  3 basilisks
  A fire elemental (Snake:3)
  3 vampire mosquitoes
  2 chaos spawn (Lair:6)
  A spectral cane toad (Lair:3)
  7 wargs
  16 nagas
  A naga (shapeshifter) (Lair:6)
  An acid dragon (D:9)
  14 water moccasins
  A hell hound (Snake:2)
  15 orc warriors
  A sky beast (D:6)
  A necrophage (D:4)
  2 black bears
  A black mamba simulacrum (Lair:3)
  5 small abominations (Lair:6)
  4 ogres
  10 wolves
  2 centaurs
  Blork the orc (Orc:1)
  9 bullfrogs
  2 wyvern zombies (D:9)
  A cane toad simulacrum (Lair:3)
  2 scorpions (D:4)
  A gnoll sergeant (D:6)
  12 killer bees
  An electric eel (Lair:1)
  A howler monkey (D:7)
  2 centaur zombies
  A gnoll shaman (D:9)
  4 hounds
  6 orc priests
  Crazy Yiuf (D:2)
  Jessica (D:2)
  3 iguanas
  14 orc wizards
  4 hell rats (Lair:3)
  3 hound skeletons
  A howler monkey zombie (D:10)
  15 adders
  14 gnolls
  A shadow imp (D:6)
  2 white imps
  2 worms
  A dart slug (D:1)
  43 orcs
  9 ball pythons
  3 endoplasms
  3 giant cockroaches
  4 goblins
  4 hobgoblins
  4 kobolds
  4 quokkas
  2 bats (D:3)
  4 frilled lizards (D:1)
  4 rats
  4 ballistomycete spores
495 creatures vanquished.

Vanquished Creatures (others)
  A hydra (D:12)
  3 manticores (D:12)
  A naga mage (Snake:4)
  A blink frog (Lair:5)
  4 dancing weapons
  A vampire (D:9)
  2 yaks (D:12)
  2 orc wizards
  40 fungi
  42 plants
97 creatures vanquished.

Grand Total: 998 creatures vanquished

Table legend:
 A = Non-vault XP
 B = Vault XP
 C = Vault XP percentage of total XP
 D = Non-vault monster count
 E = Vault monster count
 F = Vault count percentage of total count
                 A         B        C        D         E       F
            +---------+---------+-------+---------+---------+-------
      Total |  151232 |  141394 |  48.3 |     586 |     315 |  35.0
            +---------+---------+-------+---------+---------+-------
        D:1 |      35 |       0 |   0.0 |      22 |       0 |   0.0
        D:2 |      51 |      76 |  59.8 |      16 |       2 |  11.1
        D:3 |     194 |       0 |   0.0 |      21 |       0 |   0.0
        D:4 |     481 |     608 |  55.8 |      24 |      14 |  36.8
        D:5 |     768 |       0 |   0.0 |      16 |       0 |   0.0
        D:6 |    1077 |      15 |   1.4 |      27 |       5 |  15.6
        D:7 |     638 |    1295 |  67.0 |      23 |       8 |  25.8
        D:8 |    3123 |    1637 |  34.4 |      22 |      11 |  33.3
        D:9 |    1517 |     561 |  27.0 |      17 |      12 |  41.4
       D:10 |    4132 |    2277 |  35.5 |      15 |       5 |  25.0
       D:11 |    2273 |       0 |   0.0 |      16 |       0 |   0.0
       D:12 |    7022 |       0 |   0.0 |      15 |       0 |   0.0
       D:13 |    6382 |    2633 |  29.2 |      18 |       5 |  21.7
       D:14 |   13931 |    2230 |  13.8 |      27 |       2 |   6.9
       D:15 |   15112 |     535 |   3.4 |      29 |       1 |   3.3
     Lair:1 |    7183 |    3060 |  29.9 |      31 |      38 |  55.1
     Lair:2 |    8893 |     625 |   6.6 |      33 |       4 |  10.8
     Lair:3 |    9201 |   15041 |  62.0 |      34 |      21 |  38.2
     Lair:4 |    5126 |    2689 |  34.4 |      10 |      10 |  50.0
     Lair:5 |    7596 |    2597 |  25.5 |      19 |       4 |  17.4
     Lair:6 |   10303 |   11494 |  52.7 |      27 |      39 |  59.1
    Snake:1 |    8117 |    9802 |  54.7 |      17 |      18 |  51.4
    Snake:2 |    6662 |    7436 |  52.7 |      15 |      12 |  44.4
    Snake:3 |    9376 |   15036 |  61.6 |      20 |      16 |  44.4
    Snake:4 |   10417 |   48678 |  82.4 |      19 |      41 |  68.3
      Orc:1 |    2543 |     913 |  26.4 |      17 |      14 |  45.2
      Orc:2 |    3391 |   11158 |  76.7 |      32 |      32 |  50.0
   Depths:1 |    5688 |     998 |  14.9 |       4 |       1 |  20.0
            +---------+---------+-------+---------+---------+-------

Illustrated notes

Table legend:
 A = Kills in this place as a percentage of kills in entire the game.
 B = Kills by you in this place as a percentage of kills by you in the entire game.
 C = Kills by friends in this place as a percentage of kills by friends in the entire game.
 D = Other kills in this place as a percentage of other kills in the entire game.
 E = Experience gained in this place as a percentage of experience gained in the entire game.
 F = Experience gained in this place divided by the number of levels of this place that you have seen.
                   A       B       C       D       E      F
               +-------+-------+-------+-------+-------+----------------------
         Total | 100.0 | 100.0 | 100.0 | 100.0 | 100.0 | 10450.9
       Dungeon |  41.4 |  43.5 |  38.9 |  80.0 |  23.4 | 4573.5
          Lair |  30.0 |  26.4 |  33.5 |   0.0 |  28.6 | 13968.0
     Snake Pit |  17.5 |  22.9 |  13.3 |  10.0 |  39.5 | 28881.0
  Orcish Mines |  10.5 |   6.5 |  13.9 |  10.0 |   6.2 | 9002.5
        Depths |   0.6 |   0.7 |   0.4 |   0.0 |   2.3 | 6686.0
               +-------+-------+-------+-------+-------+----------------------

Table legend: (Time is in decaauts)
 A = Elapsed time spent in this place.
 B = Non-inter-level travel time spent in this place.
 C = Inter-level travel time spent in this place.
 D = Time resting spent in this place.
 E = Time spent auto-exploring this place.
 F = Levels seen in this place.
 G = Mean time per level.
                   A        B        C        D        E       F      G
               +--------+--------+--------+--------+--------+-----+--------+
         Total |  46280 |  42530 |   3750 |   3413 |  29042 |  28 | 1652.9 |
       Dungeon |  24099 |  21677 |   2422 |   1729 |  15594 |  15 | 1606.6 |
          Lair |  10906 |  10402 |    504 |    557 |   6823 |   6 | 1817.7 |
     Snake Pit |   7938 |   7374 |    564 |    844 |   4737 |   4 | 1984.5 |
  Orcish Mines |   2864 |   2661 |    203 |    174 |   1730 |   2 | 1432.0 |
        Depths |    471 |    416 |     55 |    108 |    156 |   1 |  471.0 |
               +--------+--------+--------+--------+--------+-----+--------+

Top non-repeatable levels by time:
     D:8: 2321 daAuts
 Snake:4: 2248 daAuts
  Lair:6: 2189 daAuts
  Lair:3: 2187 daAuts
     D:2: 2156 daAuts
 Snake:3: 2081 daAuts
     D:6: 2025 daAuts
 Snake:2: 1845 daAuts
    D:10: 1815 daAuts
   Orc:2: 1809 daAuts
  Lair:4: 1775 daAuts
  Lair:1: 1775 daAuts
 Snake:1: 1762 daAuts
     D:4: 1754 daAuts
     D:9: 1724 daAuts
